[Event "Titled Tuesday Blitz May 10 Early 2022"]
[White "Panesar Vedant"]
[Black "Steinberg, Nitzan"]
[WhiteFideId "35033018"]
[BlackFideId "2801795"]
[WhiteElo "1975"]
[BlackElo "2471"]
[Result "0-1"]
[Round "03"]
[TimeControl "180+1"]
[Date "2022.05.10"]
[WhiteClock "0:01:02"]
[BlackClock "0:01:22"]

1. d4 d5 2. Nf3 Nf6 3. Bf4 e6 4. e3 Bd6 5. Bxd6 cxd6 6. c4 dxc4 7. Bxc4 O-O 8. O-O b6 9. Nc3 Bb7 10. d5 e5 11. e4 Nbd7 12. a4 a6 13. Qe2 g6 14. Rfc1 Nh5 15. b4 Kh8 16. Nd1 Nf4 17. Qe1 f5 18. Bf1 fxe4 19. Qxe4 Bxd5 20. Qe3 Nf6 21. h3 N6h5 22. Nc3 Nxh3+ 23. Kh2 Bxf3 24. Kxh3 Nf4+ 25. Kh2 Qh4+ 26. Kg1 Nxg2 27. Bxg2 Qg4 28. Qxf3 Rxf3 29. Nd5 Raf8 30. Ne3 Qg5 31. Rf1 h5 32. Rad1 h4 33. Kh1 Rxf2 34. Rxf2 Rxf2 35. Re1 Qg3 36. a5 h3 0-1


[Site "https://www.chess.com"]

[Event "Titled Tuesday Blitz May 10 Early 2022"]
[White "Perez Gormaz, Matias"]
[Black "Silva, Kaua Marques"]
[WhiteFideId "3406342"]
[BlackFideId "22701168"]
[WhiteElo "2341"]
[BlackElo "2071"]
[Result "0-1"]
[Round "03"]
[TimeControl "180+1"]
[Date "2022.05.11"]
[WhiteClock "0:00:17"]
[BlackClock "0:00:55"]

1. e4 c5 2. Nf3 Nc6 3. Bb5 Na5 4. O-O a6 5. Be2 e6 6. c4 Nc6 7. d4 cxd4 8. Nxd4 Nf6 9. Nc3 Be7 10. Nxc6 dxc6 11. Qxd8+ Bxd8 12. Be3 e5 13. f3 Be6 14. Na4 Nd7 15. Rfd1 b5 16. Nc3 bxc4 17. Na4 Rb8 18. a3 Bb6 19. Nxb6 Nxb6 20. Rac1 Na4 21. Rd2 Ke7 22. Bxc4 Rxb2 23. Bc5+ Kf6 24. Rxb2 Nxb2 25. Bxa6 Ra8 26. Bb7 Rb8 27. Bxc6 Nd3 28. Rc3 Rb1+ 0-1


[Site "https://www.chess.com"]

[Event "Titled Tuesday Blitz May 10 Early 2022"]
[White "Perez Rodriguez, Jennifer"]
[Black "Bashirli, Nail"]
[WhiteFideId "3507831"]
[BlackFideId "13406809"]
[WhiteElo "2170"]
[BlackElo "2333"]
[Result "0-1"]
[Round "03"]
[TimeControl "180+1"]
[Date "2022.05.11"]
[WhiteClock "0:00:05"]
[BlackClock "0:00:18"]

1. e4 c5 2. c3 e6 3. d4 Nf6 4. e5 Nd5 5. Nf3 cxd4 6. cxd4 b6 7. Bd3 Bb7 8. O-O Be7 9. Qe2 f5 10. exf6 Bxf6 11. Ne5 Bxe5 12. Qh5+ g6 13. Qxe5 O-O 14. Nc3 Nc6 15. Qe4 Ncb4 16. Nxd5 Bxd5 17. Qe3 Rc8 18. Bd2 Nxd3 19. Qxd3 Bc4 20. Qg3 Bxf1 21. Rxf1 Qc7 22. Qh4 Qc2 23. Bc3 Qf5 24. Re1 Rf7 25. h3 g5 26. Qg3 Qf4 27. Qxf4 Rxf4 28. d5 Re8 29. Re3 Kf7 30. d6 Rc8 31. g3 Rf5 32. Kg2 Rc4 33. Be5 Rc2 34. Rf3 Re2 35. Bc3 Kg6 36. g4 Rf4 37. Rxf4 gxf4 38. h4 h5 39. Kf3 Rc2 40. gxh5+ Kxh5 41. Bf6 Rc4 42. Be5 Kxh4 43. Bxf4 Kh5 44. Be5 Kg6 45. Ke3 Kf5 46. f4 b5 47. b3 Rc2 48. a3 Ra2 49. Kd4 Rxa3 50. Kc3 a5 51. Kb2 b4 52. Bd4 a4 53. bxa4 Rxa4 54. Kb3 Ra6 55. Bc5 Kxf4 56. Kxb4 Ke4 57. Kb5 Rc6 58. Bb4 Kd5 59. Ba3 e5 0-1


[Site "https://www.chess.com"]

[Event "Titled Tuesday Blitz May 10 Early 2022"]
[White "Petre, Nad-Titus"]
[Black "Martin, Lewis"]
[WhiteFideId "1204165"]
[BlackFideId "410551"]
[WhiteElo "2354"]
[BlackElo "2145"]
[Result "1-0"]
[Round "03"]
[TimeControl "180+1"]
[Date "2022.05.11"]
[WhiteClock "0:00:24"]
[BlackClock "0:00:20"]

1. e4 c5 2. Nc3 Nc6 3. Bb5 Nd4 4. Nf3 a6 5. Bd3 g6 6. b4 Nxf3+ 7. Qxf3 cxb4 8. Nd5 Bg7 9. Rb1 e6 10. Ne3 Qa5 11. Bc4 Ne7 12. O-O O-O 13. Bb2 b5 14. Bb3 Bb7 15. Bxg7 Kxg7 16. Qg3 Qb6 17. d3 Rac8 18. f4 d5 19. f5 f6 20. Kh1 dxe4 21. fxe6 exd3 22. cxd3 a5 23. a4 bxa4 24. Bxa4 Qxe6 25. Bb3 Qe5 26. Qh3 Rc3 27. Ng4 Qe2 28. Qh6+ Kh8 29. Qxf8+ Ng8 30. Qxg8# 1-0


[Site "https://www.chess.com"]

[Event "Titled Tuesday Blitz May 10 Early 2022"]
[White "Petrov, Martin"]
[Black "Bas Mas, Jose Joaquin"]
[WhiteFideId "2911086"]
[BlackFideId "22219064"]
[WhiteElo "2343"]
[BlackElo "2233"]
[Result "1-0"]
[Round "03"]
[TimeControl "180+1"]
[Date "2022.05.11"]
[WhiteClock "0:00:11"]
[BlackClock "0:00:01"]

1. Nf3 g6 2. d4 Bg7 3. e4 d5 4. exd5 Nf6 5. c4 O-O 6. Nc3 a6 7. Be2 b5 8. b3 b4 9. Na4 c6 10. O-O cxd5 11. c5 Ne4 12. Bf4 Nc6 13. a3 Bf5 14. Nb6 Ra7 15. Be3 Nc3 16. Qd2 e5 17. dxe5 d4 18. Bg5 Qb8 19. Bc4 Ne4 20. Qe2 Nxe5 21. Bf4 Nxf3+ 22. Qxf3 Qd8 23. axb4 h5 24. h3 Re8 25. Rfe1 d3 26. Rad1 Nc3 27. Rxe8+ Qxe8 28. Rxd3 Bxd3 29. Qxd3 Re7 30. Kh2 Ne2 31. Bd6 Be5+ 32. Bxe5 Rxe5 33. Nd5 Kg7 34. Qf3 Qe6 35. Nf4 Qe7 36. Nd5 1-0


[Site "https://www.chess.com"]

[Event "Titled Tuesday Blitz May 10 Early 2022"]
[White "Petrova, Irina"]
[Black "Turutin, Alexander"]
[WhiteFideId "14124122"]
[BlackFideId "4180623"]
[WhiteElo "1993"]
[BlackElo "2402"]
[Result "0-1"]
[Round "03"]
[TimeControl "180+1"]
[Date "2022.05.11"]
[WhiteClock "0:00:36"]
[BlackClock "0:00:30"]

1. e4 c6 2. d4 d5 3. e5 Bf5 4. h4 Qb6 5. Nc3 h6 6. g4 Bd7 7. f4 e6 8. Nf3 c5 9. Ne2 Nc6 10. c3 cxd4 11. Nexd4 Nxd4 12. Nxd4 Ne7 13. Qb3 Qxb3 14. axb3 a6 15. Bb5 Rc8 16. Be2 Nc6 17. Nxc6 Bxc6 18. Rf1 Be7 19. h5 d4 20. cxd4 Bd5 21. Bc4 Bxc4 22. bxc4 Rxc4 23. Be3 Kd7 24. Ke2 Rhc8 25. Rfc1 Rc2+ 26. Kd3 Rxb2 27. Rxc8 Kxc8 28. Rc1+ Kd7 29. g5 a5 30. gxh6 gxh6 31. f5 Rh2 32. Bxh6 Rxh5 33. fxe6+ fxe6 34. Bd2 a4 35. Ba5 Rh3+ 36. Ke4 Rh4+ 37. Kd3 Rh3+ 38. Ke4 a3 39. Rc7+ Ke8 40. Rc8+ Kf7 41. Ra8 a2 42. Bb6 Ra3 0-1


[Site "https://www.chess.com"]

[Event "Titled Tuesday Blitz May 10 Early 2022"]
[White "Piliczewski, Bogusz"]
[Black "Melaugh, Shane"]
[WhiteFideId "1104144"]
[BlackFideId "2509580"]
[WhiteElo "1896"]
[BlackElo "1972"]
[Result "1-0"]
[Round "03"]
[TimeControl "180+1"]
[Date "2022.05.11"]
[WhiteClock "0:01:02"]
[BlackClock "0:01:05"]

1. d4 e6 2. Nf3 f5 3. Bf4 Nf6 4. h3 b6 5. e3 Bb7 6. Be2 d5 7. O-O Bd6 8. Ne5 O-O 9. Nd2 c5 10. c3 Nc6 11. Bh2 Qc7 12. f4 Bxe5 13. fxe5 Ne4 14. Nxe4 dxe4 15. Bc4 Rae8 16. Qb3 Na5 17. Qa4 cxd4 18. Bb5 Rc8 19. exd4 a6 20. Bd7 b5 21. Bxe6+ Kh8 22. Qd1 Rce8 23. Bxf5 Nc4 24. Qh5 g6 25. Bxg6 Qg7 26. Bxe8 Rxf1+ 27. Rxf1 e3 28. Qg4 Qe7 29. Bf7 1-0


[Site "https://www.chess.com"]

[Event "Titled Tuesday Blitz May 10 Early 2022"]
[White "Pinheiro, Iung Alicio de O."]
[Black "Kohler, Aran"]
[WhiteFideId "2104350"]
[BlackFideId "1002856"]
[WhiteElo "2283"]
[BlackElo "2316"]
[Result "1-0"]
[Round "03"]
[TimeControl "180+1"]
[Date "2022.05.11"]
[WhiteClock "0:00:07"]
[BlackClock "0:00:15"]

1. c4 e5 2. g3 Nf6 3. Bg2 c6 4. d4 e4 5. d5 cxd5 6. cxd5 Bb4+ 7. Nc3 O-O 8. Nh3 Re8 9. d6 Qa5 10. O-O Bxc3 11. bxc3 Qxc3 12. Bf4 Nc6 13. Rc1 Qa5 14. a4 b6 15. Qb3 Ba6 16. Ng5 Qd5 17. Qxd5 Nxd5 18. Bxe4 Ndb4 19. Bxh7+ Kf8 20. Bf5 Bxe2 21. Bxd7 Bxf1 22. Kxf1 Red8 23. Bxc6 Rac8 24. Bb5 Rxc1+ 25. Bxc1 Rxd6 26. Bf4 Rd1+ 27. Ke2 Rb1 28. Bd6+ Kg8 29. Bc4 Rb2+ 30. Kf3 Nc6 31. Nxf7 Kh7 32. Ng5+ Kg6 33. h4 Rc2 34. Bd3+ Kf6 35. Bxc2 Nd4+ 36. Ke4 Nxc2 37. f3 a6 38. Be5+ Ke7 39. Bxg7 b5 40. axb5 axb5 41. Bb2 Nb4 42. h5 Nc6 43. h6 Nd8 44. h7 Nc6 45. h8=Q Kd6 46. Qf6+ Kc5 47. Ne6+ Kb4 48. Nd4 Na5 49. Qd6+ Kc4 50. Qa3 1-0


[Site "https://www.chess.com"]

[Event "Titled Tuesday Blitz May 10 Early 2022"]
[White "Polanco Nunez, Yoel Estarling"]
[Black "Suleymanli, Suleyman"]
[WhiteFideId "6401783"]
[BlackFideId "13416375"]
[WhiteElo "2132"]
[BlackElo "1598"]
[Result "0-1"]
[Round "03"]
[TimeControl "180+1"]
[Date "2022.05.11"]
[WhiteClock "0:00:04"]
[BlackClock "0:01:33"]

1. Nf3 d5 2. g3 Nf6 3. Bg2 Bf5 4. O-O e6 5. d3 h6 6. c4 Be7 7. Qb3 Nc6 8. Nbd2 a6 9. a3 O-O 10. Qa2 b5 11. cxd5 exd5 12. b3 Na5 13. Bb2 c5 14. Rac1 Rc8 15. Bc3 Nc6 16. Ne5 Nxe5 17. Bxe5 d4 18. Bxf6 Bxf6 19. Rc2 Qe7 20. Ne4 Be6 21. Nxf6+ Qxf6 22. Rfc1 Qe5 23. Bb7 Rc7 24. Bxa6 Rb8 25. a4 bxa4 26. Qxa4 Bxb3 27. Qa3 Bxc2 28. Rxc2 Rb1+ 29. Rc1 Rxc1+ 30. Qxc1 Qxe2 31. Bc4 Re7 32. Kg2 Rb7 33. Qf4 Qe7 34. h4 Qf6 35. Qe4 Re7 36. Qa8+ Kh7 37. Qa2 Qc6+ 38. Kg1 Re1+ 0-1


[Site "https://www.chess.com"]

[Event "Titled Tuesday Blitz May 10 Early 2022"]
[White "Priyanka, K"]
[Black "Guliev, Logman"]
[WhiteFideId "5082986"]
[BlackFideId "13400061"]
[WhiteElo "1905"]
[BlackElo "2128"]
[Result "1/2-1/2"]
[Round "03"]
[TimeControl "180+1"]
[Date "2022.05.11"]
[WhiteClock "0:00:03"]
[BlackClock "0:00:17"]

1. e4 c5 2. Nf3 d6 3. d4 cxd4 4. Nxd4 Nf6 5. Nc3 Nc6 6. g3 e6 7. Bg2 Be7 8. O-O O-O 9. Be3 Bd7 10. f4 Qc7 11. h3 a6 12. Nxc6 Bxc6 13. g4 d5 14. exd5 Nxd5 15. Nxd5 exd5 16. Bd4 Bd6 17. Qd2 Rfe8 18. f5 f6 19. Rae1 Bh2+ 20. Kh1 Bg3 21. Bf2 d4 22. Rxe8+ Rxe8 23. Qxd4 Bxf2 24. Qxf2 Qe5 25. Bxc6 bxc6 26. c3 h5 27. Qf4 Qd5+ 28. Qf3 Re4 29. gxh5 Qe5 30. Rg1 Re3 31. Qg2 Qd5 32. Qxd5+ cxd5 33. Kh2 Rf3 34. h6 Rf2+ 35. Rg2 Rxf5 36. Rxg7+ Kh8 37. b3 Rf1 38. Rg2 Rc1 39. Rd2 Rxc3 40. Rxd5 Rc2+ 41. Kg3 Rxa2 42. Rd6 f5 43. Kf4 Kh7 44. Kxf5 Ra3 45. Rb6 Ra1 46. Kg5 Rg1+ 47. Kh5 a5 48. Rb7+ Kh8 49. Ra7 Ra1 50. Ra8+ Kh7 51. Ra7+ Kh8 52. Kg6 Rg1+ 53. Kh5 Ra1 1/2-1/2


[Site "https://www.chess.com"]

[Event "Titled Tuesday Blitz May 10 Early 2022"]
[White "Przybylski, Wojciech"]
[Black "Horobetz, Graham"]
[WhiteFideId "1117599"]
[BlackFideId "2047322"]
[WhiteElo "2133"]
[BlackElo "2573"]
[Result "1-0"]
[Round "03"]
[TimeControl "180+1"]
[Date "2022.05.11"]
[WhiteClock "0:00:12"]
[BlackClock "0:00:04"]

1. d4 Nf6 2. c4 e6 3. Nf3 Bb4+ 4. Nbd2 c5 5. e3 b6 6. Bd3 Bb7 7. O-O cxd4 8. Nxd4 O-O 9. a3 Be7 10. b4 d6 11. Bb2 Re8 12. Qc2 g6 13. Rfd1 Nbd7 14. Rac1 Rc8 15. Qb1 a6 16. e4 Qc7 17. Bf1 Qb8 18. f3 Bf8 19. Qa1 d5 20. N4b3 Bg7 21. cxd5 exd5 22. Rxc8 Qxc8 23. e5 Nh5 24. Re1 Nf8 25. g3 Ne6 26. Nd4 Nxd4 27. Bxd4 Qe6 28. f4 Qg4 29. Be2 Qh3 30. Bf1 Qe6 31. Nf3 Bh6 32. Bg2 Ng7 33. Rc1 Nf5 34. Rc7 Re7 35. Qc3 Rxc7 36. Qxc7 Qc6 37. Qxc6 Bxc6 38. Bxb6 Bf8 39. Nd4 Nxd4 40. Bxd4 Be7 41. h4 h5 42. Kf2 Kf8 43. Ke3 Ke8 44. Bc5 Bd8 45. Kd4 a5 46. Bxd5 Bd7 47. Bc4 axb4 48. axb4 f6 49. b5 fxe5+ 50. Kxe5 Ba5 51. b6 Bc8 52. Bd5 Bc3+ 53. Ke4 Be1 54. Kf3 Bg4+ 55. Kg2 Ba5 56. b7 Bc7 57. Ba7 Kd7 58. b8=Q Bxb8 59. Bxb8 Ke7 60. Be5 Bf5 61. Kf2 Be6 62. Be4 Bf7 63. Ke3 g5 64. fxg5 1-0


[Site "https://www.chess.com"]

[Event "Titled Tuesday Blitz May 10 Early 2022"]
[White "Qashashvili, Alexandre"]
[Black "Nguyen Hong Nhung"]
[WhiteFideId "13600842"]
[BlackFideId "12412201"]
[WhiteElo "2316"]
[BlackElo "1758"]
[Result "1/2-1/2"]
[Round "03"]
[TimeControl "180+1"]
[Date "2022.05.11"]
[WhiteClock "0:00:12"]
[BlackClock "0:00:33"]

1. e4 c5 2. Nc3 e6 3. Nf3 Nc6 4. d4 cxd4 5. Nxd4 Qc7 6. Nxc6 bxc6 7. Bd3 e5 8. O-O Bc5 9. Qe2 Nf6 10. Be3 d6 11. Bxc5 dxc5 12. h3 O-O 13. Bc4 Rb8 14. b3 Qa5 15. Na4 Nd7 16. f4 exf4 17. Rxf4 Ne5 18. Raf1 Nxc4 19. Qxc4 Be6 20. Qxc5 Qd2 21. Qc3 Qe2 22. Nc5 Bc8 23. Qd3 Qh5 24. Qe3 Rb5 25. Nd3 Rg5 26. Kh2 Qg6 27. R1f2 Ra5 28. a4 Be6 29. Nc5 Bc8 30. Nd3 Rg5 31. R4f3 Re8 32. e5 h5 33. Qxa7 h4 34. Rxf7 Rxg2+ 35. Rxg2 Qxf7 36. Qxf7+ Kxf7 37. Rf2+ Kg6 38. a5 Ba6 39. Rf4 Bxd3 40. cxd3 Rxe5 41. Rxh4 Rxa5 42. Rc4 c5 43. d4 cxd4 44. Rxd4 Ra2+ 45. Kg3 Rb2 46. Rb4 Kh5 47. Rb5+ Kh6 48. Kh4 g6 49. Kg3 Kg7 50. h4 Kf6 51. Rb6+ Kf5 52. Rb5+ Kf6 53. Kg4 Rg2+ 54. Kf3 Rh2 55. Kg3 Rb2 1/2-1/2


[Site "https://www.chess.com"]

[Event "Titled Tuesday Blitz May 10 Early 2022"]
[White "Quirke, Jeffrey"]
[Black "Lomaia, Diana"]
[WhiteFideId "2013029"]
[BlackFideId "13612476"]
[WhiteElo "2132"]
[BlackElo "1744"]
[Result "1-0"]
[Round "03"]
[TimeControl "180+1"]
[Date "2022.05.11"]
[WhiteClock "0:00:12"]
[BlackClock "0:00:05"]

1. d4 d5 2. Nf3 Nf6 3. c4 dxc4 4. e3 e6 5. Bxc4 c5 6. O-O a6 7. b3 Nc6 8. Bb2 cxd4 9. Nxd4 Be7 10. Be2 O-O 11. Nxc6 bxc6 12. Bf3 Nd5 13. Nc3 Bf6 14. Qc1 Bb7 15. Rd1 Qa5 16. Ne4 Bxb2 17. Qxb2 c5 18. Rac1 Rac8 19. Nd6 Rc7 20. Nxb7 Rxb7 21. Bxd5 exd5 22. Rxd5 Rc7 23. g3 Qb6 24. Qc3 Rfc8 25. Qc4 h6 26. Rcd1 Qb4 27. Rd8+ Kh7 28. Rxc8 Qxc4 29. bxc4 Rxc8 30. Rd5 Kg6 31. Kg2 Rc6 32. h4 a5 33. a4 Rb6 34. Rxc5 Rb4 35. Rxa5 Rxc4 36. Ra8 h5 37. a5 Ra4 38. a6 Ra5 39. a7 Ra4 40. Kf3 Ra6 41. e4 Ra2 42. Ke3 Ra4 43. f3 Ra3+ 44. Kf4 Ra5 45. g4 hxg4 46. fxg4 Kh7 47. h5 Ra4 48. g5 Ra5 49. h6 Ra1 50. hxg7 Kxg7 51. g6 fxg6 52. e5 Rf1+ 53. Ke4 Ra1 54. e6 Re1+ 55. Kd5 Rd1+ 56. Ke5 Re1+ 57. Kd6 Rd1+ 58. Ke7 Ra1 59. Ke8 g5 60. e7 g4 61. Kd7 Rd1+ 62. Kc6 Rc1+ 63. Kd5 Rd1+ 64. Kc4 Rc1+ 65. Kd3 Rd1+ 66. Ke2 1-0


[Site "https://www.chess.com"]

[Event "Titled Tuesday Blitz May 10 Early 2022"]
[White "Raahul V S"]
[Black "Schut, Han"]
[WhiteFideId "25035525"]
[BlackFideId "1005561"]
[WhiteElo "2185"]
[BlackElo "2057"]
[Result "1-0"]
[Round "03"]
[TimeControl "180+1"]
[Date "2022.05.11"]
[WhiteClock "0:00:10"]
[BlackClock "0:00:12"]

1. c4 Nf6 2. Nc3 d5 3. cxd5 Nxd5 4. g3 c5 5. Bg2 Nc7 6. d3 e5 7. Nf3 Nc6 8. O-O Be7 9. Be3 Bd7 10. Rc1 Rc8 11. Nd2 O-O 12. f4 exf4 13. gxf4 b6 14. Nc4 Ne6 15. Nd5 Ned4 16. Bd2 Bg4 17. Nc3 Qd7 18. Qe1 Bh3 19. e3 Bxg2 20. Kxg2 Nf5 21. Qe2 Rcd8 22. e4 Nh4+ 23. Kh1 Qxd3 24. Qxd3 Rxd3 25. Be1 f5 26. Nd5 Bd8 27. Ne5 Nxe5 28. fxe5 fxe4 29. Rxf8+ Kxf8 30. Nf4 Rf3 31. Ne6+ Ke8 32. Bg3 Be7 33. Nc7+ Kf7 34. e6+ Kg8 35. Nd5 e3 36. Nxe7+ Kf8 37. Bxh4 e2 38. Kg2 Rd3 39. Nf5 Rd1 40. e7+ Kf7 41. Rc3 e1=Q 42. Bxe1 Rxe1 43. Rf3 Ke6 44. e8=Q+ 1-0


[Site "https://www.chess.com"]

[Event "Titled Tuesday Blitz May 10 Early 2022"]
[White "Rastbod, Ali"]
[Black "Bintang, Rasyid A. Hidayat"]
[WhiteFideId "12567477"]
[BlackFideId "7105355"]
[WhiteElo "2147"]
[BlackElo "2441"]
[Result "1-0"]
[Round "03"]
[TimeControl "180+1"]
[Date "2022.05.11"]
[WhiteClock "0:00:58"]
[BlackClock "0:01:42"]

1. e4 d5 2. exd5 Nf6 3. d4 Nxd5 4. c4 Nb6 5. Nc3 e5 6. Nf3 Bg4 7. c5 N6d7 8. Bc4 f6 9. O-O Nc6 10. Ng5 fxg5 11. Qxg4 Nf6 12. Qxg5 exd4 13. Re1+ Be7 14. Qxg7 Kd7 15. Be6+ 1-0


[Site "https://www.chess.com"]

[Event "Titled Tuesday Blitz May 10 Early 2022"]
[White "Reprintsev, Alexander"]
[Black "Redzisz, Michal"]
[WhiteFideId "14100541"]
[BlackFideId "21816107"]
[WhiteElo "2108"]
[BlackElo "2004"]
[Result "1-0"]
[Round "03"]
[TimeControl "180+1"]
[Date "2022.05.11"]
[WhiteClock "0:01:58"]
[BlackClock "0:00:56"]

1. e4 c5 2. b3 d5 3. exd5 Qxd5 4. Nc3 Qd8 5. Bb2 Nf6 6. Qe2 g6 7. Ne4 Be6 8. Nxc5 Qb6 9. Nxe6 fxe6 10. Qe3 Qd6 11. Bc4 Kf7 12. Nf3 h6 13. Be5 Qb6 14. Qxb6 axb6 15. Bxb8 Rxb8 16. Ne5+ Kg7 17. Bxe6 Ne8 18. Nd7 Rd8 19. O-O-O Nf6 20. Nxf8 Rhxf8 21. f3 b5 22. Rhe1 Rd6 23. b4 Ra8 24. Bb3 Kf8 25. Re5 Ke8 26. Rde1 1-0


[Site "https://www.chess.com"]

[Event "Titled Tuesday Blitz May 10 Early 2022"]
[White "Riehle, Marco"]
[Black "Sjugirov, Sanan"]
[WhiteFideId "12904392"]
[BlackFideId "4189302"]
[WhiteElo "2462"]
[BlackElo "2602"]
[Result "0-1"]
[Round "03"]
[TimeControl "180+1"]
[Date "2022.05.10"]
[WhiteClock "0:02:25"]
[BlackClock "0:02:06"]

1. e4 e5 2. Nf3 Nc6 3. Bc4 Bc5 4. c3 Nf6 5. d4 exd4 6. cxd4 Bb4+ 7. Kf1 d5 8. exd5 Nxd5 9. Nc3 Bxc3 10. bxc3 O-O 11. Ng5 Nf6 12. Ba3 Na5 13. Bxf8 Nxc4 14. Qb3 Nd2+ 0-1


[Site "https://www.chess.com"]

[Event "Titled Tuesday Blitz May 10 Early 2022"]
[White "Risteski, Emil"]
[Black "Needleman, Alejandro"]
[WhiteFideId "15005267"]
[BlackFideId "100730"]
[WhiteElo "2070"]
[BlackElo "2347"]
[Result "1-0"]
[Round "03"]
[TimeControl "180+1"]
[Date "2022.05.11"]
[WhiteClock "0:00:35"]
[BlackClock "0:00:13"]

1. e4 c5 2. Be2 e6 3. d3 d5 4. f4 dxe4 5. dxe4 Qxd1+ 6. Bxd1 Bd7 7. c3 Bc6 8. Bc2 Nf6 9. Nd2 Nbd7 10. Ngf3 Be7 11. a4 O-O 12. e5 Nd5 13. Ne4 f6 14. exf6 gxf6 15. Ke2 h6 16. Bd2 f5 17. Nf2 Bd6 18. Nd3 c4 19. Nde5 Bxe5 20. Nxe5 Nxe5 21. fxe5 Kg7 22. Rhg1 h5 23. Raf1 Rad8 24. h3 Rf7 25. Bd1 Rfd7 26. Bg5 Ne7 27. Bc2 Rf8 28. g4 hxg4 29. hxg4 Be4 30. gxf5 Bxc2 31. fxe6 Bd3+ 32. Ke1 Rxf1+ 33. Rxf1 Rc7 34. Rf7+ Kg6 35. Bxe7 Bf5 36. Rf6+ Kg5 37. Bd8 Rh7 38. e7 Bd7 39. Rf8 Rh1+ 40. Kf2 Rh2+ 41. Ke3 Rxb2 42. e8=Q+ 1-0


[Site "https://www.chess.com"]

[Event "Titled Tuesday Blitz May 10 Early 2022"]
[White "Ronka, Erik"]
[Black "Sharbaf, Mohsen"]
[WhiteFideId "505080"]
[BlackFideId "12501808"]
[WhiteElo "2264"]
[BlackElo "2187"]
[Result "1-0"]
[Round "03"]
[TimeControl "180+1"]
[Date "2022.05.11"]
[WhiteClock "0:00:14"]
[BlackClock "0:00:07"]

1. d4 Nf6 2. Nf3 e6 3. g3 b6 4. Bg2 Bb7 5. O-O Be7 6. c4 O-O 7. Nc3 c6 8. e4 d5 9. e5 Nfd7 10. cxd5 cxd5 11. h4 Ba6 12. Re1 Nc6 13. Bf1 Bxf1 14. Kxf1 Rc8 15. Bf4 b5 16. Qd3 b4 17. Nd1 Qb6 18. Ne3 b3 19. a3 Na5 20. Nd2 Nc4 21. Ndxc4 dxc4 22. Qd2 Qb5 23. Kg1 Nb6 24. Rac1 Nd5 25. Nxd5 Qxd5 26. Rc3 Rfd8 27. Be3 Rc6 28. Qe2 Rdc8 29. Rec1 Bd8 30. Qg4 Ba5 31. Bh6 g6 32. Qf4 Qd8 33. Rf3 Qe7 34. Bg5 Qf8 35. h5 Bd8 36. h6 Bxg5 37. Qxg5 Qd8 38. Qf4 R8c7 39. Rfc3 Qf8 40. Kg2 Qe7 41. g4 Kf8 42. g5 Ke8 43. Kg3 Kd7 44. Qd2 Kc8 45. f4 Qd7 46. Qe3 Qd5 47. Kf2 a5 48. Rd1 a4 49. Qf3 Kb7 50. Qxd5 exd5 51. Ke3 Kb6 52. Rf1 Kb5 53. f5 gxf5 54. Rxf5 Rg6 55. Kf4 Kc6 56. Rf6+ Rxf6+ 57. gxf6 Rc8 58. Kf5 Rg8 59. e6 fxe6+ 60. Kxe6 Rg4 61. f7 Re4+ 62. Kf6 Rf4+ 63. Kg7 Rxd4 64. f8=Q Rg4+ 65. Kxh7 d4 66. Qf6+ Kd5 67. Qf5+ 1-0


[Site "https://www.chess.com"]

[Event "Titled Tuesday Blitz May 10 Early 2022"]
[White "Roux, Baptiste"]
[Black "Soucek, Petr"]
[WhiteFideId "36017450"]
[BlackFideId "23715170"]
[WhiteElo "1935"]
[BlackElo "1979"]
[Result "0-1"]
[Round "03"]
[TimeControl "180+1"]
[Date "2022.05.11"]
[WhiteClock "0:01:30"]
[BlackClock "0:00:52"]

1. d4 Nf6 2. Bf4 d6 3. e3 g6 4. Nf3 Bg7 5. Bd3 O-O 6. O-O Nbd7 7. Nbd2 Re8 8. Bg3 Nh5 9. c3 Nxg3 10. hxg3 e5 11. Rc1 c6 12. c4 a5 13. Qc2 Qc7 14. Rfd1 exd4 15. exd4 c5 16. dxc5 Nxc5 17. Nb3 Nxd3 18. Qxd3 Bf5 19. Qxd6 Qxd6 20. Rxd6 Bxb2 21. Rcd1 Rec8 22. Nc5 Rxc5 23. Rb6 Bc3 24. Rxb7 Rxc4 25. Rdd7 Bxd7 0-1


[Site "https://www.chess.com"]

[Event "Titled Tuesday Blitz May 10 Early 2022"]
[White "Sadhwani, Raunak"]
[Black "FGHSMN"]
[WhiteFideId "35093487"]
[WhiteElo "2616"]
[BlackElo "2762"]
[Result "1-0"]
[Round "03"]
[TimeControl "180+1"]
[Date "2022.05.10"]
[WhiteClock "0:00:11"]
[BlackClock "0:00:15"]

1. c4 e5 2. d3 Nc6 3. Nf3 f5 4. Nc3 Nf6 5. g3 Bb4 6. Bg2 Bxc3+ 7. bxc3 d6 8. O-O O-O 9. Rb1 Qe8 10. c5 d5 11. Qb3 Rb8 12. Bg5 Be6 13. Bxf6 gxf6 14. Nh4 Qd7 15. d4 e4 16. f3 Na5 17. Qc2 Nc4 18. Qc1 e3 19. Rd1 f4 20. Kh1 Kh8 21. Rg1 f5 22. Rb4 fxg3 23. Rxc4 gxh2 24. Kxh2 dxc4 25. Qxe3 Rbe8 26. Qe5+ Qg7 27. Qxg7+ Kxg7 28. f4 Kf6 29. Bxb7 Rb8 30. Bf3 Rg8 31. Rd1 Rbd8 32. d5 Bf7 33. Ng2 Rge8 34. Kg3 Rd7 35. Kf2 Rb8 36. Ne3 Rb2 37. Nxc4 Rxa2 38. Ne5 Rd8 39. d6 Be6 40. Nc6 Rd7 41. Ne5 Rd8 42. d7 Bxd7 43. Nxd7+ Ke7 44. c6 a5 45. Rd5 a4 46. Rxf5 Ra8 47. Re5+ Kd6 48. f5 a3 49. Re6# 1-0


[Site "https://www.chess.com"]

[Event "Titled Tuesday Blitz May 10 Early 2022"]
[White "Sadykov, Ramil"]
[Black "Valle Maytin, Luis Enrique"]
[WhiteFideId "24113590"]
[BlackFideId "3503666"]
[WhiteElo "2280"]
[BlackElo "2281"]
[Result "1/2-1/2"]
[Round "03"]
[TimeControl "180+1"]
[Date "2022.05.11"]
[WhiteClock "0:00:05"]
[BlackClock "0:00:09"]

1. d4 Nf6 2. Nc3 e6 3. e4 Bb4 4. e5 Nd5 5. Qg4 Nxc3 6. a3 Bf8 7. bxc3 c5 8. Nf3 Nc6 9. Bd3 b6 10. O-O Qc7 11. h4 Bb7 12. h5 h6 13. Qf4 Ne7 14. c4 cxd4 15. Nxd4 Nc6 16. Nb5 Qxe5 17. Nc7+ Kd8 18. Nxa8 Qxf4 19. Bxf4 Bxa8 20. Be4 Bc5 21. Rfd1 Ke7 22. a4 Na5 23. Bxa8 Rxa8 24. Rd3 d6 25. Rg3 Kf8 26. Be3 Bxe3 27. Rxe3 Nxc4 28. Rc3 d5 29. g4 f6 30. Kg2 Kf7 31. Rb1 Ke7 32. a5 bxa5 33. Rb7+ Kf8 34. Rc7 Rb8 35. Rxa7 Rb4 36. Rb3 Nd2 37. Rxb4 axb4 38. Rb7 Ne4 39. Rxb4 e5 40. f3 Nd6 41. Ra4 Kf7 42. Ra7+ Kf8 43. Rd7 Nc4 44. Kf2 d4 45. Ke2 Ne3 46. Kd3 Nd1 47. Ke4 Nc3+ 48. Kf5 Ne2 49. Kg6 Nf4+ 50. Kf5 Ne2 51. Rc7 Nf4 52. c4 dxc3 53. Rxc3 Kf7 54. Rc7+ Kf8 55. Ra7 Kg8 56. Ke4 Kf8 57. Kf5 Kg8 58. Ra8+ Kf7 59. Ra7+ Kg8 1/2-1/2


[Site "https://www.chess.com"]